 Dungeon Crawl Stone Soup version 0.30.0-2-g1aa4bd4387 (webtiles) character file.

Game seed: 18016222287424826962

13174 Byczy the Cleaver (level 11, -3/93 (104) HPs)
             Began as a Minotaur Berserker on May 7, 2023.
             Was a High Priest of Trog.
             Slain by a pharaoh ant (10 damage)
             ... on level 1 of the Spider Nest.
             The game lasted 00:37:35 (9292 turns).

Byczy the Cleaver (Minotaur Berserker)              Turns: 9292, Time: 00:37:36

HP:   -3/93 (104)   AC: 15    Str: 23    XL:     11   Next: 72%
MP:   3/3           EV: 14    Int:  4    God:    Trog [*****.]
Gold: 366           SH: 11    Dex: 13    Spells: 10/10 levels left

rFire   + + .        L - +4 broad axe (antimagic)
rCold   . . .        T - +1 buckler
rNeg    . . .        V - +0 swamp dragon scales
rPois   +            (helmet restricted)
rElec   .            (no cloak)
rCorr   .            (no gloves)
SInv    .            n - +1 pair of boots of Sozoer {rF+ Regen+}
Will    ++...        v - amulet of reflection
Stlth   ++           u - ring of protection from fire
HPRegen 2.15/turn    R - +4 ring of protection
MPRegen 0.08/turn

%: reflection
@: mighty, strong-willed, spiked, regenerating, heavily drained
A: horns 2, retaliatory headbutt
a: Renounce Religion, Berserk, Trog's Hand, Brothers in Arms


You were on level 1 of the Spider Nest.
You worshipped Trog.
Trog was extremely pleased with you.
You visited 4 branches of the dungeon, and saw 15 of its levels.

You collected 704 gold pieces.
You spent 338 gold pieces at shops.

Inventory:

Hand Weapons
 w - a +1 hand axe of electrocution
 J - a +2 war axe of electrocution
 L - a +4 antimagic broad axe (weapon)
 M - the +6 sling of Igauhos {drain, rC- rCorr Dex+4}
   (You found it on level 7 of the Dungeon)

   Dex:       It affects your dexterity (+4).
   rC:        It makes you vulnerable to cold.
   rCorr:     It protects you from acid and corrosion.
 N - a +2 whip of venom
 O - a +5 falchion of flaming
Missiles
 j - 3 silver boomerangs
Armour
 n - the +1 pair of boots of Sozoer (worn) {rF+ Regen+}
   (You found it on level 2 of the Dungeon)

   rF:        It protects you from fire.
   Regen:     It increases your rate of health regeneration.
 D - a +2 pair of boots
 Q - a +1 ring mail of poison resistance
 S - a +2 pair of gloves
 T - a +1 buckler (worn)
 V - +0 swamp dragon scales (worn)
Jewellery
 b - an amulet of guardian spirit
 p - a +6 ring of dexterity
 s - a ring of protection from cold
 u - a ring of protection from fire (left hand)
 v - an amulet of reflection (around neck)
 I - a ring of see invisible
 R - a +4 ring of protection (right hand)
Wands
 Y - a wand of iceblast (13)
 Z - a wand of digging (9)
Scrolls
 c - 3 scrolls of amnesia {unknown}
 f - 2 scrolls of identify
 g - 2 scrolls of blinking {unknown}
 h - a scroll of poison {unknown}
 i - 3 scrolls of enchant armour
 m - 2 scrolls of silence {unknown}
 o - 3 scrolls of immolation {unknown}
 r - 2 scrolls of vulnerability {unknown}
 y - a scroll of magic mapping {unknown}
 G - 2 scrolls of noise {unknown}
 P - 2 scrolls of torment {unknown}
 U - a scroll of fear {unknown}
Potions
 a - 2 potions of degeneration (quivered)
 d - 2 potions of heal wounds
 k - 3 potions of lignification
 l - 5 potions of curing
 q - 2 potions of haste
 t - a potion of berserk rage {unknown}
 x - a potion of might
 B - a potion of flight {unknown}
 E - 3 potions of cancellation
 F - a potion of resistance {unknown}
 H - a potion of mutation {unknown}
 K - 2 potions of invisibility
 X - a potion of brilliance {unknown}


   Skills:
 + Level 11.8 Fighting
 + Level 1.0 Short Blades
 + Level 14.0 Axes
 + Level 0.1 Throwing
 + Level 7.9 Armour
 + Level 7.9 Dodging
 + Level 4.5 Stealth
 + Level 6.1 Shields


You had 10 spell levels left.
You didn't know any spells.
Your spell library contained the following spells:

 Spells                   Type           Power      Damage    Failure   Level
 Cigotuvi's Dreadful Rot  Necr/Pois/Air  0%         N/A       83%         2
 Ignite Poison            Fire/Tmut/Pois 0%         N/A       96%         3
 Animate Dead             Necr           0%         N/A       100%        4
 Freezing Cloud           Conj/Ice/Air   0%         6-21      100%        5
 Haunt                    Necr/Summ      0%         N/A       100%        7
 Infestation              Necr           0%         N/A       100%        8


Dungeon Overview and Level Annotations

Branches:
Dungeon (10/15)            Temple (1/1) D:4            Lair (2/5) D:9
 Spider (2/4) Lair:2
  Swamp: Lair:2-3    Shoals: Lair:2-3       Orc: D:9-12

Altars:
Ashenzari
Cheibriados
Dithmenos
Elyvilon
Fedhas
Gozag
Hepliaklqana
Kikubaaqudgha
Makhleb
Nemelex Xobeh
Okawaru
Qazlal
Ru
Sif Muna
Trog
Uskayaw
Vehumet
Wu Jian
Xom
Yredelemnul
Zin
The Shining One

Shops:
D:2 *=?   D:6 *   D:7 **   D:8 *

Annotations:
D:10 3 runed translucent doors, Conn's ghost, journeyman OpFE
Spider:2 Asterion


Innate Abilities, Weirdness & Mutations

You have a pair of horns on your head.
You reflexively headbutt those who attack you in melee.


Message History

You block the pharaoh ant's attack.
You barely miss the redback. You hit the pharaoh ant. You hit the tarantella.
You hit the steelbarb worm but do no damage.
The steelbarb worm hits you but does no damage.
The tarantella barely misses you. The redback closely misses you.
You furiously retaliate!
You headbutt the redback. You block the pharaoh ant's attack.
You hit the redback. You headbutt the redback.
The redback is moderately wounded.
You slash the steelbarb worm! You closely miss the pharaoh ant.
You barely miss the tarantella. The steelbarb worm closely misses you.
The tarantella touches you but does no damage.
The redback closely misses you. You block the pharaoh ant's attack.
You slice the redback!!
You kill the redback!
Trog accepts your kill.
You slash the tarantella! You slash the steelbarb worm!
You hit the pharaoh ant.
The tarantella touches you but does no damage.
You block the steelbarb worm's attack. The pharaoh ant bites you!!
* * * LOW HITPOINT WARNING * * *
The tarantella touches you but does no damage.
The steelbarb worm hits you.
* * * LOW HITPOINT WARNING * * *
Barbed spikes become lodged in your body.
Okay, then.
You feel much better.
The pharaoh ant bites you but does no damage.
You block the tarantella's attack. The pharaoh ant closely misses you.
The steelbarb worm barely misses you.
Your skin crawls.
You feel strong-willed. The tarantella touches you.
The pharaoh ant closely misses you. You block the steelbarb worm's attack.
The tarantella touches you but does no damage.
You feel very mighty all of a sudden. The pharaoh ant bites you!!
* * * LOW HITPOINT WARNING * * *
You feel drained.
You die...

..# ....#.)#
.......#
##......###
#^..#......
##..##...[..
###s...^......
###w@†..........
#..B............
####............
##...........
#...........
#...........
##..........
#..........
#..........


You could see a steelbarb worm, a pharaoh ant and a tarantella.

Vanquished Creatures
  2 two-headed ogres
  A wolf spider (Lair:2)
  An unseen horror (D:10)
  3 cane toads
  3 komodo dragons
  Maggie (Lair:1)
  2 trolls (D:10)
  Grinder (D:5)
  A wraith (D:6)
  A basilisk (Lair:2)
  15 yaks
  A steam dragon (D:8)
  3 redbacks
  Edmund (D:4)
  8 water moccasins
  Duvessa (D:4)
  2 orc warriors
  3 ice beasts
  6 black bears
  A sky beast (D:7)
  2 ogres
  5 centaurs
  2 phantoms
  10 bullfrogs
  A gnoll sergeant (D:9)
  4 scorpions
  3 wights (D:7)
  14 killer bees
  Dowan (D:4)
  3 orc priests
  2 jellies
  5 gnoll boudas
  6 hounds
  4 sleepcaps
  4 iguanas
  9 orc wizards
  Natasha (thrice) (D:4)
  25 gnolls
  3 adders
  A shadow imp (D:6)
  3 white imps
  An ufetubus (D:5)
  A worm (D:4)
  24 orcs
  9 ball pythons
  6 endoplasms
  A giant cockroach (D:2)
  8 goblins
  10 hobgoblins
  6 jackals
  A quokka (D:5)
  2 training dummies (D:4)
  4 bats
  A frilled lizard (D:1)
  8 kobolds
  4 rats
  2 bushes (D:10)
255 creatures vanquished.

Vanquished Creatures (others)
  5 bushes (D:6)
  27 fungi
  33 plants
65 creatures vanquished.

Grand Total: 320 creatures vanquished

Notes
Turn   | Place    | Note
-------+----------+-------------------------------------------
     0 | D:1      | Byczy the Minotaur Berserker began the quest for the Orb.
     0 | D:1      | Reached XP level 1. HP: 19/19 MP: 0/0
    57 | D:1      | Reached XP level 2. HP: 24/27 MP: 1/1
   165 | D:1      | Reached skill level 4 in Axes
   483 | D:1      | Reached ** piety under Trog
   838 | D:2      | Reached XP level 3. HP: 28/33 MP: 2/2
   841 | D:2      | Found Metadgh's Magic Scroll Shop.
   842 | D:2      | Found Wossah's Jewellery Shoppe.
  1165 | D:2      | Found Ofonn's Assorted Antiques.
  1285 | D:2      | Identified the +1 pair of boots of Sozoer {rF+ Regen+}
  1610 | D:3      | Reached XP level 4. HP: 33/41 MP: 3/3
  1657 | D:3      | Noticed a scorpion
  1666 | D:3      | Killed a scorpion
  1839 | D:3      | Reached XP level 5. HP: 43/47 MP: 4/4
  2389 | D:4      | Reached skill level 5 in Axes
  2433 | D:4      | Found a shimmering blue altar of Sif Muna.
  2434 | D:4      | Found a hazy altar of Hepliaklqana.
  2485 | D:4      | Reached skill level 5 in Fighting
  2485 | D:4      | Reached skill level 1 in Short Blades
  2554 | D:4      | Found a broken altar of Ashenzari.
  2557 | D:4      | Found an iron altar of Okawaru.
  2566 | D:4      | Found a staircase to the Ecumenical Temple.
  2576 | D:4      | Reached skill level 1 in Stealth
  2576 | D:4      | Reached XP level 6. HP: 55/56 MP: 5/5
  2587 | Temple   | Entered the Ecumenical Temple
  2735 | D:4      | Noticed Duvessa
  2735 | D:4      | Noticed Dowan
  2740 | D:4      | Killed Dowan
  2749 | D:4      | Killed Duvessa
  2750 | D:4      | Reached skill level 6 in Axes
  2844 | D:4      | Noticed Natasha
  2850 | D:4      | Killed Natasha
  2893 | D:4      | Noticed Edmund
  2904 | D:4      | Killed Edmund
  2905 | D:4      | Reached XP level 7. HP: 27/62 MP: 6/6
  2973 | D:4      | Noticed Natasha
  2983 | D:4      | Killed Natasha
  2983 | D:4      | Reached *** piety under Trog
  3114 | D:4      | Noticed Natasha
  3126 | D:4      | Killed Natasha
  3331 | D:5      | Entered Level 5 of the Dungeon
  3528 | D:5      | Reached skill level 7 in Axes
  3598 | D:5      | Noticed Grinder
  3621 | D:5      | Paralysed by Grinder for 3 turns
  3630 | D:5      | Killed Grinder
  3631 | D:5      | Reached skill level 5 in Dodging
  3631 | D:5      | Reached XP level 8. HP: 62/71 MP: 7/7
  3794 | D:5      | Reached skill level 8 in Axes
  4184 | D:6      | Found a large runed translucent door.
  4199 | D:6      | Found a large runed translucent door.
  4315 | D:6      | Reached skill level 9 in Axes
  4509 | D:6      | Found Gaupnuno's Assorted Antiques.
  4512 | D:6      | Bought a runed war axe for 169 gold pieces
  4881 | D:6      | Reached XP level 9. HP: 81/81 MP: 8/8
  4882 | D:6      | Found a burning altar of Makhleb.
  4994 | D:6      | Found a sacrificial altar of Ru.
  5045 | D:7      | Found Gozag's Platinum Reserve.
  5045 | D:7      | Found an opulent altar of Gozag.
  5078 | D:7      | Reached skill level 10 in Axes
  5208 | D:7      | Reached **** piety under Trog
  5371 | D:7      | Reached skill level 11 in Axes
  5414 | D:7      | Found Luinul's General Store.
  5547 | D:7      | Identified the +6 sling of Igauhos {drain, rC- rCorr Dex+4}
  5640 | D:8      | Reached ***** piety under Trog
  5683 | D:8      | Reached skill level 5 in Armour
  5701 | D:8      | Received a gift from Trog
  5797 | D:8      | Reached XP level 10. HP: 91/91 MP: 9/9
  5878 | D:8      | Found Pithud's General Store.
  5882 | D:8      | Bought a +1 ring mail of poison resistance for 169 gold
                  | pieces
  6237 | D:9      | Reached skill level 12 in Axes
  6286 | D:9      | Found a staircase to the Lair.
  6294 | D:9      | Reached skill level 10 in Fighting
  6295 | D:9      | Reached skill level 1 in Shields
  6381 | D:9      | Noticed a two-headed ogre
  6399 | D:9      | Killed a two-headed ogre
  6400 | D:9      | Reached skill level 13 in Axes
  6439 | D:9      | Found a stormy altar of Qazlal.
  6597 | D:9      | Found a bloodstained altar of Trog.
  6987 | D:10     | Entered Level 10 of the Dungeon
  7036 | D:10     | Found a white marble altar of Elyvilon.
  7041 | D:10     | Found a sparkling altar of Nemelex Xobeh.
  7049 | D:10     | Found an ornate altar of the Wu Jian Council.
  7087 | D:10     | Found a blossoming altar of Fedhas.
  7218 | D:10     | Reached XP level 11. HP: 90/101 MP: 10/10
  7602 | D:10     | Noticed a two-headed ogre
  7608 | D:10     | Killed a two-headed ogre
  7716 | D:10     | Found a runed translucent gate.
  7718 | D:10     | Found a runed translucent gate.
  7719 | D:10     | Found a runed translucent gate.
  7720 | D:10     | Noticed Conn's ghost (journeyman OpFE)
  7721 | D:10     | Noticed a ten-headed hydra
  7843 | Lair:1   | Entered Level 1 of the Lair of Beasts
  7896 | Lair:1   | Noticed Maggie
  7907 | Lair:1   | Killed Maggie
  7908 | Lair:1   | Reached skill level 14 in Axes
  8229 | Lair:1   | Received a gift from Trog
  8345 | Lair:1   | Reached skill level 5 in Shields
  9202 | Lair:2   | Found a hole to the Spider Nest.
  9203 | Lair:2   | Noticed a wolf spider
  9212 | Lair:2   | Killed a wolf spider
  9268 | Spider:1 | Entered Level 1 of the Spider Nest
  9272 | Spider:1 | Noticed a pharaoh ant
  9280 | Spider:2 | Noticed Asterion
  9280 | Spider:2 | Noticed a broodmother
  9280 | Spider:2 | Noticed a steelbarb worm
  9292 | Spider:1 | Slain by a pharaoh ant

Illustrated notes

Levels and vault maps discovered:
D:1:      psy_arrival_whirlpool, layout_basic
D:2:      layout_loops_ring, serial_shops, shop, shop, shop
D:3:      layout_loops_ring, hex_tiny, st_stairs_12, hangedman_decor_points
D:4:      dreamdust_elfheim, layout_loops_cross, grunt_temple_overflow_open,
          minmay_temple_entry_grid, chequers_serial_rivers_large_a,
          uniq_natasha, uniq_edmund
D:5:      layout_basic, uniq_grinder
D:6:      minmay_klotski, layout_rooms, jmf_multi_god_temple2, serial_shops,
          nicolae_shop_real_fake_doors, water_maze_lemuel
D:7:      layout_gridville, nicolae_gozag_zags_fifth_avenue, serial_shops, shop,
          feat_on_display
D:8:      layout_basic, serial_shops, shop, lightli_minifort
D:9:      layout_basic, lemuel_tele_altar, trog_ov_bears_minmay,
          due_lair_maze_entry_diamond
D:10:     layout_long_grid, grunt_temple_overflow_diamond,
          fedhas_bush_and_centaur_altar, gammafunk_ghost_hydra_chop
Temple:   nicolae_temple_ecumenical_triangle
Lair:1:   layout_layer_cave, dreamdust_gnoll_shepherd, uniq_maggie
Lair:2:   layout_long_grid, spider_nest_entry_funnel_web,
          infiniplex_staircase_pool_2
Spider:1: layout_cave_pods
Spider:2: nicolae_spider_mines_2, uniq_asterion

Skill      XL: |  1  2  3  4  5  6  7  8  9 10 11 |
---------------+----------------------------------+-----
Fighting       | 4 5 6 7 9 10 11 | 11.8
Axes           | 4 5 6 7 9 11 13 14 | 14.0
Armour         | 3 5 6 7 |  7.9
Dodging        | 3 4 5 6 7 |  7.9
Short Blades   | 1 |  1.0
Stealth        | 1 2 3 4 |  4.5
Shields        | 3 6 |  6.1
Throwing       | |  0.1

Action                     |  1- 3 |  4- 6 |  7- 9 | 10-12 || total
---------------------------+-------+-------+-------+-------++-------
  Melee: Hand axe          |    74 |    75 |   117 |       ||   266
         Dagger            |    22 |       |       |       ||    22
         Headbutt          |    13 |    14 |    65 |    57 ||   149
         Punch             |       |       |     4 |       ||     4
         War axe           |       |       |   140 |   180 ||   320
         Broad axe         |       |       |       |    46 ||    46
   Fire: Sling             |       |       |     2 |       ||     2
  Throw: Throwing net      |       |       |       |     1 ||     1
 Invoke: Trog's Hand       |       |       |     1 |     2 ||     3
    Use: Scroll            |       |     1 |     4 |     5 ||    10
         Potion            |       |     1 |       |     2 ||     3
   Stab: Sleeping          |       |     3 |     1 |     3 ||     7
         Distracted        |       |       |     1 |     1 ||     2
 Armour: Animal skin       |    18 |     9 |       |       ||    27
         Robe              |       |       |     6 |       ||     6
         Chain mail        |       |       |    79 |       ||    79
         Ring mail         |       |       |       |    56 ||    56
         Swamp dragon scal |       |       |       |    26 ||    26
  Dodge: Dodged            |    79 |    40 |   141 |   114 ||   374
  Block: Buckler           |       |       |       |   125 ||   125
         Reflection        |       |       |       |     5 ||     5
